 Dungeon Crawl Stone Soup version 0.30.1-9-gdf580d7c3d (webtiles) character file.

Game seed: 16032423132358302634

148530 Peloso the Hoplite (level 16, -19/162 HPs)
             Began as a Minotaur Fighter on Oct 20, 2023.
             Was the Champion of Okawaru.
             Killed from afar by a fenstrider witch (34 damage)
             ... with a toxic sludge
             ... on level 2 of the Swamp on Oct 21, 2023.
             The game lasted 01:43:33 (30929 turns).

Peloso the Hoplite (Minotaur Fighter)              Turns: 30929, Time: 01:43:35

Health: -19/162    AC: 48    Str: 25    XL:     16   Next: 94%
Magic:  17/17      EV:  5    Int:  8    God:    Okawaru [******]
Gold:   3884       SH: 23    Dex: 18    Spells: 15/15 levels left

rFire   . . .        a - +3 scimitar (flame)
rCold   . . .        d - +0 tower shield
rNeg    . . .        C - +9 crystal plate armour "Saosk" {Harm Slay+2}
rPois   .            z - +2 hat
rElec   +            r - +2 cloak "Nubbam" {Int+3}
rCorr   .            F - +0 pair of gloves
SInv    .            U - +0 pair of boots of Stoicism {rElec Dex+4}
Will    +....        k - amulet of regeneration Stlth
                     l - +4 ring of protection
HPRegen 1.27/turn    V - ring of flight
MPRegen 0.15/turn

%: harm (+30% outgoing, +20% incoming)
@: lethally poisoned (-19 -> -26), grasped by roots, flying, constricted
A: horns 2, retaliatory headbutt
a: Renounce Religion, Heroism, Finesse, Duel


You were on level 2 of the Swamp.
You worshipped Okawaru.
Okawaru was exalted by your worship.
You visited 6 branches of the dungeon, and saw 26 of its levels.
You also visited: Bailey, Gauntlet and Ice Cave.

You collected 4019 gold pieces.
You spent 135 gold pieces at shops.

Inventory:

Hand Weapons
 a - a +3 scimitar of flaming (weapon)
 b - the +2 falchion "Ossim" {heavy, rF+ rC+}
   (Okawaru gifted it to you on level 15 of the Dungeon)

   rF:        It protects you from fire.
   rC:        It protects you from cold.
 c - a +6 demon blade of freezing
Armour
 d - a +0 tower shield (worn)
 r - the +2 cloak "Nubbam" (worn) {Int+3}
   (Okawaru gifted it to you in an ice cave)

   Int:       It affects your intelligence (+3).
 z - a +2 hat (worn)
 B - a +1 chain mail of cold resistance
 C - the +9 crystal plate armour "Saosk" (worn) {Harm Slay+2}
   (Okawaru gifted it to you on level 1 of the Swamp)

   Slay:      It affects your accuracy & damage with ranged weapons and melee
   (+2).
   Harm:      It increases damage dealt and taken.
 F - a +0 pair of gloves (worn)
 J - a +2 chain mail of fire resistance
 U - the +0 pair of boots of Stoicism (worn) {rElec Dex+4}
   (You found it in a Gauntlet)

   Dex:       It affects your dexterity (+4).
   rElec:     It insulates you from electricity.
 Z - the +0 chain mail of Lucidity {Regen+}
   (You found it on level 12 of the Dungeon)

   Regen:     It increases your rate of health regeneration.
Jewellery
 k - an amulet of regeneration (around neck)
 l - a +4 ring of protection (left hand)
 v - an amulet of guardian spirit
 x - a ring of ice
 H - a ring of protection from fire
 I - an amulet of reflection
 V - a ring of flight (right hand)
Wands
 e - a wand of quicksilver (8)
 g - a wand of flame (16)
 h - a wand of digging (3)
 w - a wand of roots (5)
Scrolls
 i - a scroll of brand weapon
 j - 8 scrolls of identify
 o - 13 scrolls of teleportation
 p - 4 scrolls of magic mapping
 y - a scroll of poison
 D - a scroll of fog
 E - a scroll of enchant armour
 G - 2 scrolls of immolation
 O - 2 scrolls of fear
 S - 3 scrolls of blinking
 T - a scroll of enchant weapon
Potions
 f - a potion of might
 m - a potion of cancellation
 n - 6 potions of invisibility
 q - a potion of magic
 s - 4 potions of resistance
 t - a potion of brilliance
 u - 4 potions of curing
 A - 2 potions of haste
 N - a potion of berserk rage
 X - 4 potions of flight


   Skills:
 + Level 19.9 Fighting
 + Level 18.7 Long Blades
 + Level 18.2 Armour
 + Level 6.4 Dodging
 + Level 2.3 Stealth
 + Level 21.1 Shields
 + Level 2.9 Invocations
 + Level 2.3 Evocations


You had 15 spell levels left.
You didn't know any spells.
Your spell library contained the following spells:

 Spells                   Type           Power      Damage    Failure   Level
 Apportation              Tloc           0%         N/A       100%        1
 Blink                    Tloc           0%         N/A       100%        2
 Lesser Beckoning         Tloc           0%         N/A       100%        2
 Momentum Strike          Conj/Tloc      0%         3d8       100%        2
 Poisonous Vapours        Pois/Air       0%         N/A       100%        2
 Scorch                   Fire           0%         2d5       100%        2
 Sublimation of Blood     Necr           0%         N/A       100%        2
 Wereblood                Tmut           0%         N/A       100%        2
 Mephitic Cloud           Conj/Pois/Air  0%         N/A       100%        3
 Stone Arrow              Conj/Erth      0%         3d7       100%        3
 Anguish                  Hex/Necr       0%         N/A       100%        4
 Cause Fear               Hex            0%         N/A       100%        4
 Flame Wave               Conj/Fire      0%         2d4       100%        4
 Fulminant Prism          Conj/Hex       0%         3d5       100%        4
 Alistair's Intoxication  Tmut/Pois      0%         N/A       100%        5
 Fireball                 Conj/Fire      0%         3d3       100%        5
 Freezing Cloud           Conj/Ice/Air   0%         6-21      100%        5
 Starburst                Conj/Fire      0%         6d3       100%        6
 Enfeeble                 Hex            0%         N/A       100%        7
 Orb of Destruction       Conj           0%         9d5       100%        7
 Lehudib's Crystal Spear  Conj/Erth      0%         10d2      100%        8
 Summon Guardian Golem    Hex/Summ       Unusable   N/A       N/A         3
 Animate Armour           Summ/Erth      Unusable   N/A       N/A         4
 Summon Cactus Giant      Summ           Unusable   N/A       N/A         6
 Spellforged Servitor     Conj/Summ      Unusable   N/A       N/A         7
 Summon Hydra             Summ           Unusable   N/A       N/A         7

Dungeon Overview and Level Annotations

Branches:
Dungeon (15/15)            Temple (1/1) D:4            Lair (5/5) D:11
  Swamp (2/4) Lair:2       Spider (1/4) Lair:3        Slime (0/5) Lair:4
    Orc (2/2) D:10            Elf (0/3) Orc:2        Vaults (0/5) D:14
 Depths (0/4) D:15         Bailey (visited)           IceCv (visited)
Gauntlet (visited)

Altars:
Ashenzari
Cheibriados
Dithmenos
Elyvilon
Fedhas
Gozag
Hepliaklqana
Kikubaaqudgha
Nemelex Xobeh
Okawaru
Qazlal
Ru
Sif Muna
Trog
Uskayaw
Vehumet
Wu Jian
Xom
Yredelemnul
Zin
The Shining One

Shops:
Orc:2 :[((

Annotations:
Lair:5 Casa


Innate Abilities, Weirdness & Mutations

You have a pair of horns on your head.
You reflexively headbutt those who attack you in melee.


Message History

Your headbutt misses the fenstrider witch.
The fenstrider witch is almost dead.
The goliath frog hits you but does no damage.
The fenstrider witch hits you but does no damage.
You block the fenstrider witch's attack.
Unknown command.
You completely miss the fenstrider witch.
The fenstrider witch is almost dead.
You block the goliath frog's attack.
Roots burst forth from the earth!
The grasping roots grab you! The grasping roots constrict you!
The fenstrider witch casts a spell at you.
Your body is wracked with pain!
* * * LOW HITPOINT WARNING * * *
You hit the fenstrider witch but do no damage.
The fenstrider witch is almost dead.
You block the goliath frog's attack.
You block the fenstrider witch's attack. x2
The grasping roots constrict you!
* * * LOW HITPOINT WARNING * * *
Unknown command.
You hit the fenstrider witch but do no damage.
The fenstrider witch is almost dead.
You block the goliath frog's attack.
The fenstrider witch casts a spell at you.
Your body is wracked with pain!
* * * LOW HITPOINT WARNING * * *
Unknown command.
You hit the fenstrider witch but do no damage.
The fenstrider witch is almost dead.
The goliath frog hits you but does no damage.
The grasping roots constrict you.
Unknown command.
You miss the fenstrider witch.
Your headbutt misses the fenstrider witch.
The fenstrider witch is almost dead.
The fenstrider witch points at you and mumbles some strange words.
The toxic sludge hits you!!
You are poisoned.
You die... .~#♣.≈♣.♣ ♣♣~≈~≈~≈~≈~♣♣ ♣♣.#.. .~♣♣....♣ ♣♣~≈~≈~≈~♣♣ ♣♣.♣#.. .~♣♣♣.♣♣♣ ♣♣≈~≈♣♣ ♣.♣♣♣~. [§♣♣♣#♣ ♣#.♣♣ ###♣♣#♣~. ~♣♣.~♣♣♣♣ ..... ♣~§~~.... ~.♣♣...~♣ ♣♣D♣♣ ♣~~~~~~~~ ....~~~~♣ fvF

#~~~~~~..
♣...~~~~♣♣..♣♣♣♣H♣♣♣♣[.♣♣~~~~§~~.
~..~.~..♣ ♣....@....♣ ♣§~..~~~~
~~~~~.)~##♣♣♣##♣~♣#♣♣♣###......~~
~~~~~~~♣~~~~.~~~.~~~.~~~~♣..♣♣(~~
~~~~~~.♣♣♣♣♣.~.~~~.....~.♣♣♣♣..~~
.......♣♣♣♣♣♣..~~.~..♣~.♣♣♣♣~.~..
~.~..........~.~~.~..~♣♣♣~♣♣♣♣~..
♣......~†~....>.~~~.~.♣♣~....♣~~♣
♣...~..~~~.♣♣~...~~.~.~♣§.~~~~.♣♣
....~.♣.~.♣♣♣♣~.~~♣♣♣.....~§~~♣♣♣


You could see a shambling mangrove, a seven-headed hydra, a fenstrider witch, a
goliath frog and a will-o-the-wisp.

Vanquished Creatures
  Jorgrun (D:13)
  Rupert (D:14)
  Donald (Orc:2)
  A fenstrider witch (Swamp:2)
  2 frost giants (IceCv)
  A broodmother (Spider:1)
  2 orc warlords
  A very ugly thing (D:15)
  A white draconian (IceCv)
  A bunyip (Swamp:1)
  An eleionoma (Swamp:1)
  A spark wasp (Spider:1)
  A dire elephant (Gauntlet)
  A minotaur (Gauntlet)
  An ettin (D:11)
  2 entropy weavers
  Josephine (D:12)
  3 rakshasas (D:15)
  2 ice dragons (IceCv)
  Erolcha (Orc:2)
  8 hydras
  4 centaur warriors
  A spriggan air mage (Swamp:2)
  A two-headed ogre (shapeshifter) (D:15)
  11 ironbound frosthearts (IceCv)
  6 two-headed ogres
  2 tengu warriors (D:11)
  5 boulder beetles
  3 alligators
  3 death yaks (Lair:1)
  2 orc high priests
  The ghost of Quickbrownfox the Destroyer, a novice DsCj of Ashenzari (D:10)
  Urug (D:13)
  Sonja (D:13)
  A skyshark (Lair:5)
  3 goliath frogs
  4 spriggan druids (Swamp:2)
  A glowing orange brain (D:15)
  9 bog bodies
  An orange crystal statue (IceCv)
  A steelbarb worm (Spider:1)
  An orc knight (D:14)
  An orb spider (Spider:1)
  A swamp dragon (Swamp:1)
  A lindwurm (Lair:2)
  4 orc sorcerers
  2 oklob plants (Lair:4)
  7 manticores
  A will-o-the-wisp (Swamp:1)
  2 wolf spiders (Spider:1)
  A cyclops (D:13)
  13 elephants
  40 ugly things
  3 black mambas
  2 demonic crawlers (Spider:1)
  Maggie (Lair:1)
  13 cane toads
  2 kobold demonologists
  A freezing wraith (D:14)
  12 komodo dragons
  An efreet (D:14)
  9 rime drakes
  An unseen horror (D:10)
  A tengu conjurer (D:14)
  8 trolls
  18 polar bears
  12 hornets
  13 blink frogs
  3 tyrant leeches (Swamp:1)
  A tarantella (Spider:1)
  5 dream sheep
  Sigmund (D:5)
  13 slime creatures
  A jumping spider (Spider:1)
  A vampire (D:11)
  10 wraiths
  19 spriggans
  8 wyverns
  4 shadows
  27 yaks
  3 basilisks
  3 steam dragons
  16 humans (D:14)
  8 redbacks
  14 vampire mosquitoes
  Edmund (D:6)
  3 acid dragons
  3 wargs (Orc:2)
  4 swamp worms
  15 water moccasins
  45 orc warriors
  5 black bears
  5 sky beasts
  2 swamp drakes
  5 boggarts (Lair:5)
  8 ogres
  24 wolves
  4 phantoms
  15 centaurs
  6 kobold brigands
  9 bullfrogs
  Blork the orc (D:6)
  9 gnoll sergeants
  3 scorpions
  3 wights (D:8)
  10 killer bees
  12 electric eels
  9 howler monkeys
  4 hounds
  2 jellies (D:6)
  23 orc priests
  3 iguanas
  A sleepcap (D:6)
  Jessica (D:2)
  Ijyb (D:3)
  35 orc wizards
  Robin (D:3)
  9 adders
  19 gnolls
  3 white imps
  An ufetubus (D:6)
  A worm (D:2)
  6 dart slugs
  109 orcs
  4 ball pythons
  6 endoplasms
  3 giant cockroaches
  18 goblins
  5 hobgoblins
  4 jackals (D:3)
  24 kobolds
  6 quokkas
  4 bats
  A frilled lizard (D:2)
  4 rats
902 creatures vanquished.

Vanquished Creatures (others)
  A frost giant (IceCv)
  3 bloated husks
  2 kobold brigands (D:10)
  A gnoll (D:5)
  2 orcs (Bailey)
  2 foxfires (Swamp:2)
11 creatures vanquished.

Grand Total: 913 creatures vanquished

Notes
Turn   | Place    | Note
-------+----------+-------------------------------------------
     0 | D:1      | Peloso the Minotaur Fighter began the quest for the Orb.
     0 | D:1      | Reached XP level 1. HP: 19/19 MP: 0/0
   240 | D:1      | Reached XP level 2. HP: 18/27 MP: 1/1
   428 | D:1      | Got the Discursus on Forces
   849 | D:2      | Reached skill level 4 in Shields
   849 | D:2      | Reached XP level 3. HP: 33/33 MP: 2/2
   875 | D:2      | Noticed Jessica
   882 | D:2      | Killed Jessica
   937 | D:2      | Reached XP level 4. HP: 36/40 MP: 3/3
  1034 | D:2      | Identified the +6 whip "Vosuggu" {elec, Dex+3}
  1035 | D:2      | Identified a scroll of acquirement
  1721 | D:3      | Reached XP level 5. HP: 27/46 MP: 4/4
  1854 | D:3      | Found a faded altar of an unknown god.
  2046 | D:3      | Noticed Ijyb
  2061 | D:3      | Killed Ijyb
  2149 | D:3      | Noticed Robin
  2194 | D:3      | Killed Robin
  2418 | D:3      | Found a glowing silver altar of Zin.
  2572 | D:4      | Found a staircase to the Ecumenical Temple.
  2609 | D:4      | Reached skill level 5 in Long Blades
  2620 | Temple   | Entered the Ecumenical Temple
  2652 | Temple   | Became a worshipper of Warmaster Okawaru
  2771 | D:4      | Noticed a water moccasin
  2782 | D:4      | Killed a water moccasin
  2783 | D:4      | Reached skill level 5 in Armour
  2783 | D:4      | Reached XP level 6. HP: 41/55 MP: 5/5
  3433 | D:5      | Entered Level 5 of the Dungeon
  3436 | D:5      | Noticed Sigmund
  3461 | D:5      | Killed Sigmund
  3462 | D:5      | Reached skill level 5 in Fighting
  3462 | D:5      | Reached XP level 7. HP: 21/61 MP: 6/6
  3664 | D:5      | Reached * piety under Okawaru
  3665 | D:5      | Reached skill level 1 in Dodging
  3813 | D:5      | Reached XP level 8. HP: 61/68 MP: 7/7
  4024 | D:5      | Found a shimmering blue altar of Sif Muna.
  4233 | D:5      | Reached skill level 5 in Shields
  4414 | D:5      | Found a glowing golden altar of the Shining One.
  4549 | D:6      | Reached ** piety under Okawaru
  4834 | D:6      | Noticed Edmund
  4844 | D:6      | Killed Edmund
  4991 | D:6      | HP: 3/70 [gnoll sergeant/+2 trident of pain (10)]
  5251 | D:6      | Noticed Blork the orc
  5264 | D:6      | Killed Blork the orc
  5265 | D:6      | Reached skill level 10 in Long Blades
  5265 | D:6      | Reached XP level 9. HP: 75/75 MP: 8/8
  5353 | D:6      | Reached skill level 6 in Shields
  5667 | D:7      | Reached *** piety under Okawaru
  5925 | D:6      | Reached **** piety under Okawaru
  6363 | D:7      | Found a stormy altar of Qazlal.
  6363 | D:7      | Found a bloodstained altar of Trog.
  6698 | D:8      | Found a blossoming altar of Fedhas.
  6716 | D:8      | Reached XP level 10. HP: 80/88 MP: 9/9
  6720 | D:8      | Reached skill level 7 in Shields
  6754 | D:8      | Reached ***** piety under Okawaru
  6789 | D:8      | Found a shimmering altar of Xom.
  6832 | D:8      | Found a snail-covered altar of Cheibriados.
  6842 | D:8      | Found a flagged portal.
  6904 | Bailey   | Entered a bailey
  7688 | Bailey   | Reached skill level 8 in Shields
  8156 | Bailey   | Reached skill level 10 in Armour
  8446 | D:8      | Found a hide-covered altar of Uskayaw.
  8631 | D:7      | Found an ornate altar of the Wu Jian Council.
  9018 | D:9      | Found a broken altar of Ashenzari.
  9087 | D:9      | Found a white marble altar of Elyvilon.
  9147 | D:9      | Received a gift from Okawaru
  9148 | D:9      | Reached skill level 1 in Evocations
  9148 | D:9      | Reached XP level 11. HP: 97/97 MP: 10/10
  9245 | D:9      | Found a sacrificial altar of Ru.
  9399 | D:9      | Found a hazy altar of Hepliaklqana.
  9767 | D:10     | Entered Level 10 of the Dungeon
  9767 | D:10     | Found a sparkling altar of Nemelex Xobeh.
 10543 | D:10     | Found a runed translucent gate.
 10543 | D:10     | Found a runed translucent gate.
 10543 | D:10     | Found a runed translucent gate.
 10545 | D:10     | Found an opulent altar of Gozag.
 10549 | D:10     | Found a basalt altar of Yredelemnul.
 10556 | D:10     | Noticed a two-headed ogre
 10572 | D:10     | Killed a two-headed ogre
 10573 | D:10     | Reached skill level 10 in Fighting
 10662 | D:10     | Found a staircase to the Orcish Mines.
 10968 | D:10     | Reached skill level 9 in Shields
 11263 | D:10     | Noticed Quickbrownfox's ghost (novice DsCj)
 11527 | D:11     | Found a runed translucent door.
 11527 | D:11     | Noticed a seven-headed hydra
 11527 | D:11     | Noticed a tengu warrior
 11584 | D:11     | Found a staircase to the Lair.
 11668 | D:11     | Noticed a two-headed ogre
 11694 | D:11     | Killed a two-headed ogre
 11938 | D:11     | Reached skill level 1 in Invocations
 11938 | D:11     | Noticed a brown ugly thing
 11950 | D:11     | Killed a brown ugly thing
 11951 | D:11     | Reached skill level 10 in Shields
 12062 | D:11     | Noticed a brown ugly thing
 12070 | D:11     | Killed a brown ugly thing
 12071 | D:11     | Reached XP level 12. HP: 96/112 MP: 9/12
 12184 | D:11     | Noticed a boulder beetle
 12234 | D:11     | Killed a boulder beetle
 12730 | D:11     | Identified the +4 flail "Cyawkuc" {flame, rF+}
 12852 | D:9      | Noticed a two-headed ogre
 12858 | D:9      | Killed a two-headed ogre
 12887 | D:9      | Noticed a two-headed ogre
 12904 | D:9      | Identified the +6 great sword of the Candelabrum {freeze,
                  | rElec Int+3} (Okawaru gifted it to you on level 9 of the
                  | Dungeon)
 12904 | D:9      | Received a gift from Okawaru
 12909 | D:9      | Reached skill level 11 in Shields
 12912 | D:9      | Killed a two-headed ogre
 13147 | Lair:1   | Entered Level 1 of the Lair of Beasts
 13194 | Lair:1   | You fall into a shaft and drop 1 floor!
 13872 | Lair:2   | Reached skill level 15 in Long Blades
 14144 | Lair:2   | HP: 4/115 [swamp worm/harpoon shot (8)]
 14144 | Lair:2   | Found a staircase to the Swamp.
 14630 | Lair:2   | Reached skill level 1 in Stealth
 14630 | Lair:2   | Reached skill level 12 in Shields
 15048 | Lair:1   | Acquired 623 gold pieces
 15053 | Lair:1   | Acquired 261 gold pieces
 15055 | Lair:1   | Acquired 691 gold pieces
 15185 | Lair:1   | Reached ****** piety under Okawaru
 15242 | Lair:1   | Noticed a death yak
 15246 | Lair:1   | Noticed a death yak
 15249 | Lair:1   | Noticed a death yak
 15257 | Lair:1   | Killed a death yak
 15258 | Lair:1   | Reached skill level 15 in Armour
 15268 | Lair:1   | Killed a death yak
 15279 | Lair:1   | Killed a death yak
 15280 | Lair:1   | Reached XP level 13. HP: 94/125 MP: 11/13
 15711 | Lair:1   | Noticed Maggie
 15728 | Lair:1   | Killed Maggie
 16058 | D:12     | Reached skill level 15 in Fighting
 16543 | D:12     | Identified the +0 chain mail of Lucidity {Regen+}
 16568 | D:12     | Noticed Josephine
 16593 | D:12     | Killed Josephine
 16594 | D:12     | Reached skill level 13 in Shields
 16611 | D:12     | Identified the +3 ring mail "Qumakhlio" {+Blink Fly rN+}
                  | (Okawaru gifted it to you on level 12 of the Dungeon)
 16611 | D:12     | Received a gift from Okawaru
 17347 | D:10     | Killed Quickbrownfox's ghost
 17578 | D:11     | Noticed an ettin
 17594 | D:11     | Killed an ettin
 17766 | Orc:1    | Entered Level 1 of the Orcish Mines
 18159 | Orc:2    | Entered Level 2 of the Orcish Mines
 18159 | Orc:2    | Found a staircase to the Elven Halls.
 18171 | Orc:2    | Reached skill level 14 in Shields
 18204 | Orc:1    | Paralysed by an orc sorcerer for 5 turns
 18254 | Orc:2    | Noticed an orc warlord
 18283 | Orc:1    | Killed an orc warlord
 18374 | Orc:2    | Noticed Erolcha
 18393 | Orc:2    | Killed Erolcha
 18650 | Orc:2    | Noticed an orc warlord
 18681 | Orc:2    | Killed an orc warlord
 18681 | Orc:2    | Received a gift from Okawaru
 18682 | Orc:2    | Reached XP level 14. HP: 97/138 MP: 13/15
 18751 | Orc:2    | Found Fint's Antique Weapon Shop.
 18762 | Orc:2    | Found Muvool's Antique Armour Boutique.
 18768 | Orc:2    | Bought a pair of embroidered boots for 135 gold pieces
 18826 | Orc:2    | Noticed Donald
 18839 | Orc:2    | Killed Donald
 19009 | Orc:2    | Found Eplo's Book Boutique.
 19384 | Orc:2    | Found Biboil's Weapon Shoppe.
 19497 | Orc:1    | Reached skill level 15 in Shields
 20055 | Lair:3   | Found a hole to the Spider Nest.
 20316 | Lair:3   | Received a gift from Okawaru
 20736 | Lair:4   | Found a gate leading to a gauntlet.
 20745 | Gauntlet | Entered a Gauntlet
 20745 | Gauntlet | Found a transporter.
 20748 | Gauntlet | Found a transporter.
 20750 | Gauntlet | Found a transporter.
 20753 | Gauntlet | Found a transporter.
 20753 | Gauntlet | Found a transporter.
 20754 | Gauntlet | Found a transporter.
 20755 | Gauntlet | Found a large runed translucent door.
 20756 | Gauntlet | Found a large runed translucent door.
 20757 | Gauntlet | Found a large runed translucent door.
 20757 | Gauntlet | Found a large runed translucent door.
 20757 | Gauntlet | Found a runed translucent door.
 20758 | Gauntlet | Found a large runed translucent door.
 20759 | Gauntlet | Found a large runed translucent door.
 20762 | Gauntlet | Found a large runed translucent door.
 20762 | Gauntlet | Found a large runed translucent door.
 20765 | Gauntlet | Found a runed translucent gate.
 20765 | Gauntlet | Found a transporter.
 20794 | Gauntlet | Found a transporter.
 20794 | Gauntlet | Found a transporter.
 20798 | Gauntlet | Found a transporter.
 20827 | Gauntlet | Found a transporter.
 20899 | Gauntlet | Found a large runed translucent door.
 20900 | Gauntlet | Found a large runed translucent door.
 20901 | Gauntlet | Found a runed translucent door.
 20902 | Gauntlet | Found a large runed translucent door.
 20903 | Gauntlet | Found a large runed translucent door.
 20903 | Gauntlet | Found a large runed translucent door.
 20904 | Gauntlet | Found a large runed translucent door.
 20905 | Gauntlet | Found a large runed translucent door.
 20905 | Gauntlet | Found a large runed translucent door.
 20908 | Gauntlet | Found a runed translucent gate.
 20908 | Gauntlet | Found a runed translucent gate.
 20910 | Gauntlet | Found a transporter.
 21041 | Gauntlet | Identified the amulet of Fedhas's Displeasure {Faith rF-
                  | Str+2 Int+5}
 21083 | Gauntlet | Identified the +0 pair of boots of Stoicism {rElec Dex+4}
 21113 | Gauntlet | Identified the amulet of Atzes {RegenMP rElec}
 21128 | Gauntlet | Identified the staff of poison "Yceuggin" {Contam rPois
                  | Str+5 SInv}
 21605 | Lair:4   | Found a staircase to the Slime Pits.
 22024 | Lair:5   | Entered Level 5 of the Lair of Beasts
 22053 | Lair:4   | Reached skill level 16 in Shields
 22087 | Lair:5   | Identified the -1 pair of boots of the Indestructible God
                  | {rElec rPois} (Okawaru gifted it to you on level 5 of the
                  | Lair of Beasts)
 22087 | Lair:5   | Received a gift from Okawaru
 22882 | Lair:5   | Reached skill level 17 in Shields
 23060 | Lair:5   | Reached XP level 15. HP: 149/149 MP: 16/16
 23179 | Lair:5   | Identified the staff of earth "Imaklab" {rPois}
 23796 | D:13     | Noticed Jorgrun
 23811 | D:13     | Killed Jorgrun
 23877 | D:13     | Noticed Sonja
 23888 | D:13     | Killed Sonja
 23922 | D:13     | Noticed Urug
 23925 | D:13     | Killed Urug
 25012 | D:14     | Received a gift from Okawaru
 25410 | D:14     | Noticed Rupert
 25420 | D:14     | Killed Rupert
 25428 | D:14     | Reached skill level 18 in Shields
 25469 | D:14     | Received a gift from Okawaru
 25526 | D:14     | Found a gate to the Vaults.
 26036 | D:15     | Entered Level 15 of the Dungeon
 26169 | D:15     | Identified the +2 falchion "Ossim" {heavy, rF+ rC+}
                  | (Okawaru gifted it to you on level 15 of the Dungeon)
 26169 | D:15     | Received a gift from Okawaru
 26225 | D:15     | Found a frozen archway.
 26256 | IceCv    | Entered an ice cave
 26455 | IceCv    | Reached skill level 19 in Shields
 26468 | IceCv    | Reached skill level 5 in Dodging
 26815 | IceCv    | Reached XP level 16. HP: 156/160 MP: 17/17
 27247 | IceCv    | Identified the +2 cloak "Nubbam" {Int+3} (Okawaru gifted it
                  | to you in an ice cave)
 27247 | IceCv    | Received a gift from Okawaru
 27870 | D:15     | Reached skill level 20 in Shields
 28274 | D:15     | Found a staircase to the Depths.
 28725 | Spider:1 | Entered Level 1 of the Spider Nest
 29464 | Swamp:1  | Entered Level 1 of the Swamp
 29526 | Swamp:1  | Identified the +9 crystal plate armour "Saosk" {Harm
                  | Slay+2} (Okawaru gifted it to you on level 1 of the Swamp)
 29526 | Swamp:1  | Received a gift from Okawaru
 30370 | Swamp:2  | HP: 2/162 [spriggan druid/+0 quarterstaff (9)]
 30519 | Swamp:2  | Reached skill level 21 in Shields
 30929 | Swamp:2  | Killed from afar by a fenstrider witch

Illustrated notes

Levels and vault maps discovered:
D:1:      ncdulo_watergridlock, layout_basic
D:2:      layout_rooms, minmay_misc_feat_enclosed, grunt_ministairs_12,
          uniq_jessica
D:3:      layout_basic, zin_statuary, ebering_ecumenical_altar_abandoned,
          uniq_robin, uniq_ijyb
D:4:      layout_basic, temple_fountains, skrybe_limestone_x,
          minmay_misc_feat_doors
D:5:      layout_loops_cross, tso_oasis_becter, lemuel_crystal_altar,
          hellmonk_no_cap, uniq_sigmund
D:6:      layout_basic, kennysheep_diamond, uniq_edmund, uniq_blork_the_orc
D:7:      layout_cave_pools, nicolae_overflow_hidden_temple,
          corexii_item_surrounded_by_moat, hangedman_misty_isle
D:8:      layout_cave_pools, mainiacjoe_overflow_small_starburst,
          old_standard_altar, kennysheep_slug_shrine,
          nicolae_uskayaw_dance_studio, enter_bailey_5
D:9:      layout_irregular_city, kennysheep_little_box, elyvilon_altar_3,
          mainiacjoe_overflow_brackets, mainiacjoe_overflow_paths,
          minmay_joined_circles
D:10:     layout_basic, mainiacjoe_overflow_catwalk,
          mainiacjoe_overflow_cross_hatched,
          kennysheep_orc_monster_closet_entryway, ebering_ghost_gozag
D:11:     minmay_general_purpose_star, layout_basic,
          grunt_lair_entry_orc_guard_hut, lightli_airlock
D:12:     layout_basic, uniq_josephine
D:13:     layout_loops_corners, hangedman_decor_diamond_cutter,
          nicolae_elevator_lobby_asterisk, uniq_jorgrun, uniq_urug, uniq_sonja
D:14:     layout_loops_corners, david_vaults_3, hangedman_abyss_or_decor_passed
D:15:     gammafunk_enter_depths_forms, layout_basic,
          portal_ice_cave_entry_ugly_swarm, nrook_uturn
Temple:   nicolae_temple_bog_church
Lair:1:   layout_loops_ring, uniq_maggie
Lair:2:   layout_layer_cave, nicolae_swamp_entry_splash_gauntlet
Lair:3:   layout_chaotic_city, spider_nest_entry_webs, grunt_megastairs_2
Lair:4:   layout_long_grid, minmay_slime_entry_oklob_enclosed,
          gauntlet_entry_generic, lemuel_fruit_fields
Lair:5:   minmay_lair_end_enchanted_forest, layout_gridlike,
          serial_bayou_shore_b
Swamp:1:  layout_basic_swamp, nicolae_swamp_trees_clearing, swamp_pool2,
          infiniplex_staircase_pool_2
Swamp:2:  nzn_winding_woodlands_cross [nzn_winding_woodlands_5x15_eye,
          nzn_winding_woodlands_5x15_pathside_ponds,
          nzn_winding_woodlands_5x15_crooked,
          nzn_winding_woodlands_5x15_river_crossing,
          nzn_winding_woodlands_15x15_witchcraft], layout_basic_swamp,
          evilmike_swamp_ruin_house_2
Spider:1: layout_spider_delve
Orc:1:    layout_caves
Orc:2:    grunt_orc_community_town_hall, layout_caves,
          grunt_orc_community_big_house_2, grunt_orc_community_big_house_1,
          grunt_orc_community_house_3, grunt_orc_community_house_3,
          grunt_orc_community_house_2, grunt_orc_community_house_2,
          grunt_orc_community_house_1, uniq_donald, uniq_erolcha

Skill      XL: |  1  2  3  4  5  6  7  8  9 10 11 12 13 14 15 16 |
---------------+-------------------------------------------------+-----
Fighting       | 4 5 7 9 12 14 16 18 19 | 19.9
Armour         | 4 5 7 8 9 10 12 15 16 17 18 | 18.2
Shields        | 4 5 6 8 10 12 14 17 19 21 | 21.1
Long Blades    | 3 4 5 6 8 10 11 13 14 15 16 17 18 | 18.7
Dodging        | 1 2 3 4 5 6 |  6.4
Evocations     | 1 2 |  2.3
Invocations    | 1 2 |  2.9
Stealth        | 1 2 |  2.3

Action                     |  1- 3 |  4- 6 |  7- 9 | 10-12 | 13-15 | 16-18 || total
---------------------------+-------+-------+-------+-------+-------+-------++-------
  Melee: Long sword        |    75 |   206 |   310 |   767 |    59 |       ||  1417
         Headbutt          |    10 |    36 |    61 |   180 |   390 |   170 ||   847
         Scimitar          |       |       |       |       |   464 |   180 ||   644
         Demon blade       |       |       |       |       |   983 |     8 ||   991
         Falchion          |       |       |       |       |    58 |   331 ||   389
 Invoke: Heroism           |       |       |     3 |     6 |    11 |     6 ||    26
  Evoke: Wand              |       |       |     5 |    24 |     4 |       ||    33
    Use: Scroll            |     2 |     2 |     6 |    10 |    15 |       ||    35
         Potion            |       |       |     5 |     3 |     7 |     4 ||    19
   Stab: Distracted        |       |       |       |       |     1 |       ||     1
         Paralysed         |       |       |       |       |     1 |       ||     1
 Armour: Chain mail        |    34 |       |       |       |   479 |   180 ||   693
         Plate armour      |    24 |   152 |   228 |   363 |    36 |       ||   803
         Crystal plate arm |       |       |       |       |       |    58 ||    58
  Dodge: Dodged            |    32 |    54 |   123 |   376 |   305 |   172 ||  1062
  Block: Buckler           |    22 |    40 |    71 |   359 |    84 |       ||   576
         Reflection        |       |       |       |    14 |    21 |     2 ||    37
         Kite shield       |       |       |       |       |   351 |       ||   351
         Tower shield      |       |       |       |       |  1054 |   636 ||  1690
